 Dungeon Crawl Stone Soup version 0.30-a0-1164-ge08a67761e (webtiles) character file.

Game seed: 18223587615837975769

1699 BubbleThief the Basher (level 9, -2/79 (88) HPs)
             Began as a Naga Cinder Acolyte on Apr 29, 2023.
             Was a High Priest of Ignis.
             Slain by a wight
             ... wielding a +5 halberd of freezing
              (12 damage)
             ... on level 5 of the Dungeon.
             The game lasted 00:11:03 (5622 turns).

BubbleThief the Basher (Naga Cinder Acolyte)        Turns: 5622, Time: 00:11:04

HP:   -2/79 (88)    AC: 10    Str: 20    XL:     9   Next: 3%
MP:   8/13          EV:  7    Int: 20    God:    Ignis [*****.]
Gold: 280           SH:  0    Dex:  8    Spells: 12/14 levels left

rFire   + . .        i - +3 flail (heavy)
rCold   . . .        (no shield)
rNeg    . . .        b - +0 robe
rPois   +            f - +0 helmet
rElec   .            (no cloak)
rCorr   .            (no gloves)
SInv    +            g - +1 barding
Will    ++...        (no amulet)
Stlth   +            u - ring of willpower
HPRegen 0.33/turn    n - +6 ring of intelligence
MPRegen 0.13/turn

%: no passive effects
@: heavily drained, very slow
A: AC +3, large, see invisible, deformed body, poison resistance, slowness 2,
spit poison 1, naga tail 1
a: Spit Poison, Renounce Religion, Fiery Armour, Foxfire Swarm, Rising Flame


You were on level 5 of the Dungeon.
You worshipped Ignis.
Ignis was extremely pleased with you.
You visited 1 branch of the dungeon, and saw 5 of its levels.
You also visited: Sewer.

You collected 280 gold pieces.

Inventory:

Hand Weapons
 i - a +3 heavy flail (weapon)
Armour
 b - a +0 robe (worn)
 f - a +0 helmet (worn)
 g - a +1 barding (worn)
Jewellery
 j - a ring of protection from fire
 n - a +6 ring of intelligence (right hand)
 o - a ring of protection from cold
 r - a ring of ice
 u - a ring of willpower (left hand)
 w - a ring of fire
Wands
 s - a wand of iceblast (7)
Scrolls
 a - 3 scrolls of teleportation
 c - 2 scrolls of identify
 k - a scroll of fear
Potions
 d - 2 potions of attraction
 e - 2 potions of heal wounds
 h - 5 potions of flight
 l - a potion of might
 m - 3 potions of cancellation
 p - a potion of berserk rage
 q - a potion of mutation
 t - 2 potions of curing


   Skills:
 + Level 8.1 Fighting
 + Level 8.1 Maces & Flails
 - Level 3.2 Spellcasting
 - Level 3.0 Fire Magic


You had 12 spell levels left.
You knew the following spells:

 Your Spells              Type           Power      Damage    Failure   Level
a - Scorch                Fire           30%        2d6       6%          2

Your spell library contained the following spells:

 Spells                   Type           Power      Damage    Failure   Level
 Kiss of Death            Conj/Necr      12%        2d6       14%         1
 Confusing Touch          Hex            3%         N/A       38%         3
 Portal Projectile        Hex/Tloc       6%         N/A       38%         3
 Tukima's Dance           Hex            3%         N/A       38%         3
 Dispel Undead            Necr           3%         3d7       80%         4
 Summon Lightning Spire   Summ/Air       3%         N/A       80%         4
 Blade Hands              Tmut           1%         N/A       98%         5
 Haunt                    Necr/Summ      1%         N/A       100%        7
 Summon Hydra             Summ           1%         N/A       100%        7


Dungeon Overview and Level Annotations

Branches:
Dungeon (5/15)             Temple (0/1) D:4           Sewer (visited)

Altars:
Gozag
Nemelex Xobeh
Sif Muna
Trog
Xom

Shops:
D:4 :


Innate Abilities, Weirdness & Mutations

Your serpentine skin is tough. (AC +3)
You have supernaturally acute eyesight. (SInv)
Armour fits poorly on your strangely shaped body.
Your system is resistant to poisons. (rPois)
You cover ground very slowly.
You can spit poison.
You have a snake-like lower body.


Message History

The wight hits you with a +2 short sword.
Unknown command.
Casting: Scorch (safe; 6% risk of failure)
Confirm with . or Enter, or press ? or * to list all spells.
Flames lash the wight.
The wight is burned terribly!
The wight is severely damaged.
The wight hits you with a +5 halberd of freezing!
You feel drained. The wight freezes you.
The wight hits you with a +2 short sword.
You feel drained.
Unknown command.
You hit the wight.
The wight is almost destroyed.
The wight hits you with a +2 short sword.
The wight hits you with a +5 halberd of freezing!
The wight freezes you.
You sock the wight!
You destroy the wight!
The wight hits you but does no damage.
The wight hits you with a +5 halberd of freezing.
You feel drained. The wight freezes you.
Unknown command.
You hit the wight.
The wight is moderately damaged.
The wight hits you with a +5 halberd of freezing!
The wight freezes you.
Casting: Scorch (safe; 6% risk of failure)
Confirm with . or Enter, or press ? or * to list all spells.
Flames lash the wight.
The wight is moderately damaged.
The wight's fire resistance burns away.
The wight hits you with a +5 halberd of freezing!
* * * LOW HITPOINT WARNING * * *
The wight freezes you.
* * * LOW HITPOINT WARNING * * *
You closely miss the wight.
The wight is moderately damaged.
The wight closely misses you.
The wight hits you with a +5 halberd of freezing!
You die...

####### # ### ## #
#.#.... # ^#.#. ##### ...
#.... #z# #.### #)# #.#
#.### #.# #.z@# #.# ###)#
#.# # #.# ##########.# #
#.###..........###
#.#...............
########......###########
#...........#.#
#.######.....>#
#.#(####..#####


You could see a wight (combustible).

Vanquished Creatures
  Sigmund (D:4)
  Duvessa (D:4)
  A water moccasin (D:5)
  An ogre (D:5)
  2 phantoms (D:4)
  A scorpion (D:4)
  4 wights
  Dowan (D:4)
  A centaur zombie (D:4)
  4 hounds
  A jelly (D:4)
  A gnoll bouda (D:4)
  2 orc priests (D:4)
  2 iguanas
  An orc wizard (D:3)
  A scorpion zombie (D:4)
  A sickly merfolk siren (Sewer)
  A malarious merfolk avatar (Sewer)
  2 hound zombies (D:4)
  5 gnolls (D:4)
  8 adders
  4 river rats
  An ufetubus (D:5)
  3 adder zombies (D:4)
  3 worms (D:3)
  3 dart slugs
  17 orcs
  13 ball pythons
  6 bats
  10 endoplasms
  4 giant cockroaches
  9 goblins
  5 hobgoblins
  11 kobolds
  4 quokkas
  11 frilled lizards
  29 rats
175 creatures vanquished.

Vanquished Creatures (others)
  A withered plant (D:4)
1 creature vanquished.

Grand Total: 176 creatures vanquished

Notes
Turn   | Place    | Note
-------+----------+-------------------------------------------
     0 | D:1      | BubbleThief the Naga Cinder Acolyte began the quest for the
                  | Orb.
     0 | D:1      | Reached XP level 1. HP: 21/21 MP: 2/2
    97 | D:1      | Reached XP level 2. HP: 25/28 MP: 3/3
   104 | D:1      | Learned a level 2 spell: Scorch
   354 | D:1      | Reached XP level 3. HP: 34/34 MP: 5/5
   564 | D:2      | You fall into a shaft and drop 1 floor!
   567 | D:3      | Found a faded altar of an unknown god.
   774 | D:3      | Got the Disquisition on the Brume and Companions
   791 | D:3      | Found a shimmering blue altar of Sif Muna.
   894 | D:3      | Reached XP level 4. HP: 28/44 MP: 3/7
   976 | D:3      | Found a glowing drain.
   983 | Sewer    | Entered a sewer
  1188 | Sewer    | Reached XP level 5. HP: 31/50 MP: 1/8
  2250 | D:4      | Reached XP level 6. HP: 55/58 MP: 3/10
  2358 | D:4      | Reached skill level 5 in Fighting
  2476 | D:4      | Found Risaes's Tiny Tomes.
  2512 | D:4      | Reached skill level 5 in Maces & Flails
  2512 | D:4      | Reached XP level 7. HP: 60/67 MP: 7/11
  2960 | D:4      | Noticed Duvessa
  2960 | D:4      | Noticed Dowan
  2966 | D:4      | Killed Duvessa
  2973 | D:4      | Killed Dowan
  3041 | D:4      | Found a staircase to the Ecumenical Temple.
  3203 | D:4      | Noticed Sigmund
  3207 | D:4      | Killed Sigmund
  3208 | D:4      | Reached XP level 8. HP: 74/78 MP: 5/12
  3404 | D:4      | Found a shimmering altar of Xom.
  3576 | D:4      | Found a bloodstained altar of Trog.
  4828 | D:5      | Entered Level 5 of the Dungeon
  4831 | D:5      | Found an opulent altar of Gozag.
  4831 | D:5      | Found a sparkling altar of Nemelex Xobeh.
  5518 | D:4      | Reached XP level 9. HP: 52/85 MP: 3/13
  5622 | D:5      | Slain by a wight

Illustrated notes

Levels and vault maps discovered:
D:1:      evilmike_arrival_fibonacci_small, layout_rooms
D:2:      layout_basic
D:3:      layout_basic, led_sif_pool, portal_sewer_entry_e,
          ebering_ecumenical_altar_sacrificial
D:4:      layout_loops_ring, gammafunk_temple_overflow_pools,
          minmay_temple_entry_junction_2, serial_undead, serial_undead_f,
          serial_undead_f, serial_undead_c, serial_undead_f, serial_undead_b,
          serial_undead_b, nicolae_shop_i_like_small_books_too,
          minmay_fractal_squares_gapless_5, uniq_sigmund, uniq_duvessa
D:5:      layout_loops_ring, grunt_temple_overflow_opulence, fedhas_altar_1

Skill      XL: |  1  2  3  4  5  6  7  8 |
---------------+-------------------------+-----
Spellcasting   | 2 3 |  3.2
Fighting       | 4 5 6 8 |  8.1
Maces & Flails | 4 5 6 8 |  8.1
Fire Magic     | |  3.0

Action                     |  1- 3 |  4- 6 |  7- 9 || total
---------------------------+-------+-------+-------++-------
  Melee: Mace              |    25 |       |       ||    25
         Flail             |     9 |    60 |   135 ||   204
         Punch             |       |     1 |     2 ||     3
   Cast: Scorch            |    10 |    35 |    47 ||    92
 Invoke: Fiery Armour      |       |       |     1 ||     1
Ability: Spit Poison       |    26 |    43 |    30 ||    99
    Use: Scroll            |     2 |       |    11 ||    13
   Stab: Distracted        |       |       |     1 ||     1
 Armour: Robe              |    16 |    43 |   106 ||   165
  Dodge: Dodged            |    20 |    29 |    89 ||   138

Table legend: (Time is in decaauts)
 A = Elapsed time spent in this place.
 B = Non-inter-level travel time spent in this place.
 C = Inter-level travel time spent in this place.
 D = Time resting spent in this place.
 E = Time spent auto-exploring this place.
 F = Levels seen in this place.
 G = Mean time per level.
                   A        B        C        D        E       F      G
               +--------+--------+--------+--------+--------+-----+--------+
         Total |   7045 |   6826 |    219 |    276 |   5293 |   6 | 1174.2 |
       Dungeon |   6230 |   6011 |    219 |    276 |   4721 |   5 | 1246.0 |
         Sewer |    814 |    814 |      0 |      0 |    571 |   1 |  814.0 |
               +--------+--------+--------+--------+--------+-----+--------+

Top non-repeatable levels by time:
     D:4: 2400 daAuts
     D:3: 1353 daAuts
     D:2: 1145 daAuts
   Sewer: 814 daAuts
     D:1: 683 daAuts
     D:5: 648 daAuts
